Unix NetHack Version 3.7.0-71 Work-in-progress - last build Jan 31 2023 02:41:03 (7ba98a1283f2b7cec35fde026edb48fc825ab8ae,branch:master). Game began 2023-02-07 23:46:20, ended 2023-02-08 00:33:54. Gandelf, neutral male human Monk -------------------- |........|...|.....| |....0-0.|.-.|.....| |..|...0.|00.|.....| |-.|..-..|.-.|..<..| |...--..0....|.....| |..%|...-...-|.....| |...|0.|...--|.....| |-..|..-----------+| |........g@0.^/^^^.| |...|.>------------- -------- Gandelf the Initiate St:13 Dx:14 Co:13 In:10 Wi:18 Ch:13 Neutral S:2984 Dlvl:3 $:160 HP:0(50) Pw:48(48) AC:-4 Xp:7/714 T:5805 Burdened Latest messages: Are you sure you want to pray? [yn] (n) y You begin praying to Chih Sung-tzu. You are surrounded by a shimmering light. The gargoyle starts to attack you, but pulls back. The gargoyle starts to attack you, but pulls back. The gargoyle starts to attack you, but pulls back. You finish your prayer. You feel that Chih Sung-tzu is well-pleased. You feel much better. You miss the gargoyle. The gargoyle hits! The gargoyle misses! The gargoyle misses! You hit the gargoyle! The gargoyle hits! The gargoyle misses! The gargoyle misses! You hit the gargoyle. The gargoyle misses! The gargoyle misses! The gargoyle misses! You miss the gargoyle. You hit the gargoyle! The gargoyle hits! The gargoyle hits! The gargoyle just misses! The gargoyle hits! The gargoyle hits! The gargoyle misses! You miss the gargoyle. The gargoyle misses! The gargoyle hits! The gargoyle misses! You miss the gargoyle. You hit the gargoyle! The gargoyle misses! The gargoyle just misses! The gargoyle bites! The gargoyle just misses! The gargoyle hits! The gargoyle just misses! You miss the gargoyle. The gargoyle hits! The gargoyle hits! You die... Do you want your possessions identified? [ynq] (y) y Do you want to see your attributes? [ynq] (y) y Do you want an account of creatures vanquished? [ynaq] (y) y Do you want to see your conduct and achievements? [ynq] (y) y Do you want to see the dungeon overview? [ynq] (y) y Inventory: Coins $ - 160 gold pieces Weapons W - a +0 dagger O - a cursed -2 axe M - a +0 dwarvish short sword Armor Q - a blessed +0 dwarvish iron helm (being worn) a - an uncursed +2 pair of leather gloves (being worn) R - an uncursed +0 dwarvish roundshield (being worn) D - a blessed +5 robe (being worn) Comestibles Y - 3 uncursed slime molds h - 4 uncursed apples Z - 4 uncursed food rations Scrolls K - an uncursed scroll of earth J - a cursed scroll of earth P - an uncursed scroll of teleportation Potions X - 2 uncursed potions of object detection n - a cursed potion of object detection f - 2 potions of holy water x - an uncursed potion of water C - an uncursed potion of water Rings I - a cursed -1 ring of adornment T - an uncursed ring of free action Wands U - a wand of cold (0:4) Tools A - an uncursed bag of holding containing 30 items w - an uncursed blindfold u - a cursed lock pick t - an uncursed mirror Gems/Stones k - an uncursed opal H - an uncursed topaz stone e - an uncursed worthless piece of orange glass q - an uncursed worthless piece of white glass m - an uncursed touchstone Contents of the bag of holding: 106 gold pieces 5 +0 darts 6 +0 shuriken a cursed -1 dagger a cursed +0 battle-axe a +0 halberd an uncursed +0 dwarvish cloak an uncursed carrot an uncursed food ration 5 uncursed food rations 2 cursed food rations 3 uncursed fortune cookies 5 uncursed oranges an uncursed tripe ration an uncursed egg an uncursed scroll of blank paper a blessed scroll of create monster 2 uncursed scrolls of create monster 2 uncursed scrolls of destroy armor a blessed scroll of earth an uncursed scroll of earth an uncursed scroll of earth an uncursed scroll of enchant weapon an uncursed scroll of identify 2 uncursed scrolls of light a blessed scroll of punishment an uncursed novel named Thief of Time an uncursed spellbook of cause fear a blessed spellbook of confuse monster an uncursed spellbook of sleep Gandelf the Monk's attributes: Background: You were an Initiate, a level 7 male human Monk. You were neutral, on a mission for Chih Sung-tzu who was opposed by Shan Lai Ching (lawful) and Huan Ti (chaotic). You were in Sokoban, on level 3. You entered the dungeon 5805 turns ago. It was the midnight hour. There was a full moon in effect when your adventure ended. You had 714 experience points, 566 more were needed to attain level 8. Your score was 2984 before end-of-game adjustments. Basics: You had 0 out of 50 hit points. You had all 48 energy points (spell power). Your armor class was -4. Your wallet contained 160 zorkmids, and you had 106 more stashed away in your pack. Autopickup was on for '$)?+!=/' plus thrown. Final Characteristics: Your strength was 13 (limit:18/100). Your dexterity was 14 (limit:18). Your constitution was 13 (limit:18). Your intelligence was 10 (limit:18). Your wisdom was 18 (limit:18). Your charisma was 13 (limit:18). Final Status: You were not hungry. You were burdened; movement was slightly slowed. You were empty handed. You had basic skill with martial arts and could have enhanced that. Final Attributes: You were piously aligned. You were sleep resistant. You were poison resistant. You saw invisible. You were warned. You were stealthy. You were guarded. You were fast. You were lucky. You are dead. Miscellaneous: You encountered 1 bones level. Total elapsed playing time was 47 minutes and 33 seconds. Major events: Turn 1: Gandelf the neutral male human Monk entered the dungeon 321: attained the rank of Novice (level 3) 3087: destroyed RedArrow's ghost, the former Pillager 4243: attained the rank of Initiate (level 6) 4496: entered Sokoban 4781: completed 1st Sokoban level 5460: completed 2nd Sokoban level 5805: killed by a gargoyle Vanquished creatures: a ghost 2 small mimics a crocodile a leprechaun a jaguar a dwarf leader a raven an imp a quasit 2 water nymphs a mountain nymph a rock piercer a yellow light a gnome leader a red naga hatchling a straw golem a floating eye 2 homunculi 6 rothes 2 centipedes a giant bat a dwarf zombie 2 iguanas 4 coyotes a gas spore 2 hobbits 3 manes a large kobold 8 giant rats a brown mold 4 yellow molds 2 red molds a gnome 2 garter snakes 2 geckos 2 jackals 3 kobolds 2 goblins a sewer rat a grid bug 2 bats 4 lichens 6 newts 85 creatures vanquished. No species were genocided or became extinct. Voluntary challenges: You were vegetarian. You never hit with a wielded weapon. You read items or engraved 6 times. You never engraved Elbereth. You never genocided any monsters. You never polymorphed an object. You never changed form. You used no wishes. You did not violate any of the special Sokoban rules. Achievements: You entered a shop. You attained the rank of Novice. You attained the rank of Initiate. You entered Sokoban. The Dungeons of Doom: levels 1 to 6 Level 1: A sink. Level 2: A scroll shop, an altar to Chih Sung-tzu. Level 3: A delicatessen, a fountain. Level 4: Some shops. Level 5: Many fountains. Final resting place for RedArrow-Bar-Hum-Fem-Cha, killed by a red naga hatchling. Level 6: A grave. Stairs up to Sokoban, level 5. Sokoban: levels 5 up to 3 Level 3: <- You were here. Unsolved. Final resting place for you, killed by a gargoyle. Level 4: Solved. Level 5: Solved. Game over: ---------- / \ / REST \ / IN \ / PEACE \ / \ | Gandelf | | 266 Au | | killed by a | | gargoyle | | | | | | 2023 | *| * * * | * _________)/\\_//(\/(/\)/\//\/|_)_______ Goodbye Gandelf the Monk... You died in Sokoban on dungeon level 3 with 2958 points, and 266 pieces of gold, after 5805 moves. You were level 7 with a maximum of 50 hit points when you died.